AoeStats
← Léon gontran

Pilgrims

509061464Analyzed
4v4 RM · 6d ago on Sep 25, 2026· 60m 12s· 8 players
Game mode
Random Map
Map size
Large (8 player)
Population
200
Speed
Normal
Resources
Standard
Victory
Conquest
Starting age
Dark Age
Ending age
Imperial Age
RankedLock teamsTeams togetherTeam positionsShared explorationLock speedFull tech treeHidden civsTurbo modeCheats
Victory
Defeat
🇹🇼 Varangians · Taiwan
1275
+12
🇩🇪 Armenians · Germany
1256
+13
🇫🇷 Burgundians · France
1209
+15
🇹🇼 Koreans · Taiwan
1157
+18
🇦🇺 Britons · Australia
1204
-15
🇮🇸 Saxons · Iceland
1199
-15
🇨🇳 Muisca · China
1183
-14
🇮🇳 Spanish · India
1172
-14
Creamy 'Baldursson' Jones
6:34 Loom
17:13 Feudal Age
17:59 Horse Collar
18:01 Fishing Lines
18:54 Double-Bit Axe
20:33 Man-at-Arms
24:58 Castle Age
MAND_Dã quỳ
9:22 Loom
11:42 Feudal Age
13:00 Double-Bit Axe
13:08 Gold Mining
15:46 Castle Age
14:08 Stone Mining
18:18 Bow Saw
23:24 Imperial Age
21:24 Padded Archer Armor
24:47 Leather Archer Armor
24:55 Ballistics
24:31 Horse Collar
26:38 Ring Archer Armor
26:14 Scale Barding Armor
27:31 Husbandry
28:15 Bloodlines
29:13 Cavalier
30:57 Forging
33:21 Chain Barding Armor
34:36 Iron Casting
35:40 Plate Barding Armor
36:52 Blast Furnace
39:47 Two-Man Saw
38:49 Heavy Plow
44:13 Paladin
48:25 Stone Shaft Mining
54:00 Murder Holes
54:15 Masonry
55:06 Chemistry
53:58 Fletching
55:37 Scale Mail Armor
54:59 Pikeman
55:39 Squires
1361331795
3:50 Loom
12:51 Feudal Age
18:07 Castle Age
Defenestrator
3:59 Loom
12:02 Feudal Age
13:01 Fishing Lines
13:54 Gold Mining
16:48 Double-Bit Axe
17:03 Stone Mining
20:06 Castle Age
27:17 Wheelbarrow
26:58 Padded Archer Armor
28:53 Fletching
29:15 Horse Collar
32:47 Bodkin Arrow
33:07 Leather Archer Armor
33:52 Town Watch
39:45 Imperial Age
38:59 Hand Cart
39:39 Bow Saw
40:25 Town Patrol
40:53 Conscription
40:33 Elite Longbowman
43:30 Gold Shaft Mining
44:20 Ring Archer Armor
43:52 Bracer
45:23 Hoardings
46:31 Warwolf
46:54 Yeomen
48:20 Forging
48:10 Scale Mail Armor
49:16 Hoardings
50:15 Iron Casting
53:51 Cavalier
54:33 Husbandry
57:16 Two-Man Saw
chipchip520
11:48 Feudal Age
17:37 Castle Age
18:24 Double-Bit Axe
21:10 Bow Saw
22:51 Fishing Lines
24:59 Fletching
27:37 Bodkin Arrow
29:20 Ballistics
33:08 Scale Mail Armor
35:58 Scale Mail Armor
38:58 Forging
39:05 Chain Mail Armor
38:53 Squires
48:28 Gold Mining
50:48 Gold Shaft Mining
53:39 Imperial Age
53:06 Crossbowman
55:01 Bracer
56:11 Arbalester
57:54 Thumb Ring
Slim
2:41 Loom
13:33 Feudal Age
16:49 Fishing Lines
18:13 Fletching
22:08 Castle Age
21:50 Wheelbarrow
21:27 Fishing Lines
23:09 Medium Warships
22:56 Bodkin Arrow
29:08 Ballistics
30:40 Gillnets
31:44 Double-Bit Axe
31:52 Gold Mining
37:20 Imperial Age
37:08 Scale Mail Armor
37:19 Forging
37:10 Man-at-Arms
38:15 Long Swordsman
38:42 Gambesons
39:33 Chain Mail Armor
39:09 Two-Handed Swordsman
39:50 Squires
42:09 Plate Mail Armor
41:55 Town Watch
45:01 Iron Casting
45:31 Pikeman
46:13 Halberdier
49:50 Capped Ram
51:55 Hand Cart
51:44 Champion
57:57 Siege Ram
Léon gontran
4:44 Double-Bit Axe
7:58 Fishing Lines
10:50 Wheelbarrow
13:15 Feudal Age
16:12 Fletching
20:11 Castle Age
19:46 Padded Archer Armor
20:43 Crossbowman
36:40 Horse Collar
38:30 Bow Saw
40:47 Heavy Plow
41:13 Hand Cart
44:16 Imperial Age
41:11 Cavalier
42:01 Scale Barding Armor
42:16 Loom
42:17 Town Watch
42:56 Forging
43:32 Chain Barding Armor
43:41 Murder Holes
44:07 Ballistics
44:57 Town Patrol
45:06 Burgundian Vineyards
44:26 Paladin
45:50 Plate Barding Armor
45:08 Gold Mining
48:10 Iron Casting
49:58 Blast Furnace
50:18 Crop Rotation
50:29 Bodkin Arrow
53:40 Bracer
53:35 Sappers
55:23 Light Cavalry
56:55 Gold Shaft Mining
56:11 Stone Mining
57:25 Two-Man Saw
56:18 Hussar
56:59 Husbandry
LocalMomsHelper
7:46 Loom
14:15 Feudal Age
21:42 Castle Age
19:35 Fletching
20:46 Double-Bit Axe
24:35 Bow Saw
26:09 Town Watch
28:52 Wheelbarrow
28:12 Gold Mining
28:42 Scale Barding Armor
28:48 Forging
40:04 Imperial Age
37:44 Husbandry
38:49 Chain Barding Armor
39:30 Bloodlines
41:01 Iron Casting
42:08 Plate Barding Armor
46:10 Elite Skirmisher
46:35 Elite Jarl
48:31 Bodkin Arrow
48:37 Padded Archer Armor
49:40 Blast Furnace
50:19 Ballistics
50:59 Chemistry
49:41 Treadmill Crane
50:11 Masonry
50:08 Padded Archer Armor
50:51 Conscription
52:24 Bracer
52:40 Leather Archer Armor
55:52 Leather Archer Armor
58:56 Ring Archer Armor
Connection lost

Rejoining the realm…

Still unreachable

The connection could not be restored.

Session expired

The server has moved on; the page needs a fresh start.